 Dungeon Sprint DCSS version 0.23-a0-208-gb6b040f (webtiles) character file.

2149 Felrender the Protected (level 9, -6/92 HPs)
             Began as a Minotaur Fighter on Sept 24, 2018.
             Was a Follower of Trog.
             Mangled by a kraken (19 damage)
             ... in the Dungeon (Sprint II: "The Violet Keep of Menkaure").
             The game lasted 00:04:58 (1544 turns).

Felrender the Protected (Minotaur Fighter)          Turns: 1544, Time: 00:04:58

Health: -6/92      AC: 12    Str: 24    XL:     9   Next: 9%
Magic:  7/7        EV:  9    Int:  3    God:    Trog [*.....]
Gold:   1027       SH: 13    Dex: 10    Spells: 8/8 levels left

rFire    . . .     SeeInvis .   a - +0 war axe
rCold    . . .     Gourm    .   c - +0 shield
rNeg     . . .     Faith    .   d - +0 chain mail
rPois    .         Spirit   .   (helmet restricted)
rElec    .         Reflect  .   (no cloak)
rCorr    .         Harm     .   (no gloves)
MR       +....     NoTele   +   (no boots)
Stlth    ..........             (no amulet)
HPRegen  0.25/turn              p - ring of protection from magic
MPRegen  0.10/turn              (no ring)

@: no status effects
A: retaliatory headbutt, horns 2, dopey 1, low mp 1, mutation resistance 1
a: Berserk, Renounce Religion


You were in the Dungeon.
You worshipped Trog.
Trog was aware of your devotion.
You were not hungry.

You visited 1 branch You collected 1027 gold pieces.

Inventory:

Hand Weapons
 a - a +0 war axe (weapon)
 l - a cursed -1 hunting sling
 m - a +1 hunting sling of freezing
Armour
 b - a +0 scale mail
 c - a +0 shield (worn)
 d - a +0 chain mail (worn)
 g - a +2 ring mail of poison resistance
Jewellery
 h - an uncursed ring of see invisible
 p - a ring of protection from magic (left hand)
Scrolls
 k - a scroll of blinking
 n - 2 scrolls of enchant armour {unknown}
 s - a scroll of immolation {unknown}
 t - a scroll of magic mapping {unknown}
 u - a scroll of fog {unknown}
Potions
 e - 2 potions of curing
 i - 5 potions of magic
 o - a potion of brilliance {unknown}
 q - 3 potions of resistance {unknown}
 r - 3 potions of flight
Comestibles
 f - 3 rations


   Skills:
 + Level 12.6 Fighting
 + Level 11.6 Axes
 + Level 12.6 Armour
 + Level 3.8 Dodging
 + Level 12.5 Shields


You had 8 spell levels left.
You didn't know any spells.
Your spell library was empty.

Dungeon Overview and Level Annotations

Branches:
Dungeon (1/1)

Altars:
Cheibriados
Dithmenos
Elyvilon
Fedhas
Gozag
Hepliaklqana
Kikubaaqudgha
Makhleb
Nemelex Xobeh
Okawaru
Qazlal
Ru
Sif Muna
Trog
Uskayaw
Vehumet
Wu Jian
Xom
Yredelemnul
Zin
The Shining One
Beogh
Jiyva
Lugonu

Shops:
D :([=%}?!}(


Innate Abilities, Weirdness & Mutations

You reflexively headbutt those who attack you in melee.
You have a pair of horns on your head.
You are dopey. (Int -2)
Your magical capacity is low. (-10% MP)
You are somewhat resistant to further mutation.


Message History

You start resting.
HP restored.
You start waiting.
You see here a ring mail.
You see here a dagger.
You see here 24 stones.
You see here 11 arrows.
There is an open door, spattered with blood here.
The kraken bites you! You block the kraken's attack.
You hit the kraken but do no damage. The kraken bites you!!
You slash the kraken!
You headbutt the kraken, but do no damage.
The kraken is lightly wounded.
You block the kraken's attack.
You hit the kraken.
The kraken is lightly wounded.
The kraken bites you!!!
* * * LOW HITPOINT WARNING * * *
The kraken bites you!!
You die...

#"}▓(.......▓▓
.####|)▓.).(...(▓▓
...####▓.(...([.▓▓
#..##.#▓.[.[..)(▓▓
+..#..#▓...((.(.▓▓
#..#..#▓..(.....▓▓
#..##.#▓....((((▓▓
##.^.##▓▓▓▓▓▓▓'▓▓▓▓+▓
.≈≈)≈≈≈≈≈≈≈≈≈≈..@X≈≈▓
.≈#'########'###.≈≈≈▓
.≈#..._._._#§§≈##≈≈≈▓
.§#_._._._.#≈≈§≈####▓
≈≈#._._._._#≈§≈§≈##
≈≈#_._._._.#§§§≈§≈#
≈≈#._._._..#≈≈≈≈≈≈+
≈≈#_._._...#≈≈≈≈≈≈#
≈≈#._._....#≈≈≈≈≈≈▓


You could see a kraken.

Vanquished Creatures
  A yaktaur (D)
  3 polar bears (D)
  A hornet (D)
  4 neqoxecs (D)
  4 necrophages (D)
  3 crocodiles (D)
  4 worker ants (D)
  3 tentacles (D)
23 creatures vanquished.

Vanquished Creatures (others)
  A crocodile (D)
  5 tentacles (D)
6 creatures vanquished.

Grand Total: 29 creatures vanquished

Notes
Turn   | Place    | Note
-------+----------+-------------------------------------------
     0 | D        | Felrender the Minotaur Fighter began the quest for the Orb.
     0 | D        | Reached XP level 1. HP: 19/19 MP: 0/0
     1 | D        | Noticed a necrophage
     1 | D        | Noticed a necrophage
     1 | D        | Noticed a necrophage
     1 | D        | Noticed a necrophage
    10 | D        | Killed a necrophage
    10 | D        | Reached XP level 2. HP: 27/30 MP: 1/1
    10 | D        | Reached XP level 3. HP: 34/37 MP: 2/2
    10 | D        | Reached XP level 4. HP: 40/44 MP: 3/3
    14 | D        | Killed a necrophage
    14 | D        | Reached skill level 5 in Axes
    14 | D        | Reached XP level 5. HP: 46/52 MP: 4/4
    19 | D        | Killed a necrophage
    26 | D        | Killed a necrophage
    26 | D        | Reached XP level 6. HP: 35/60 MP: 5/5
    34 | D        | Found Xofoleju's Gadget Shoppe.
    34 | D        | Found Zuasol's Weapon Shoppe.
    34 | D        | Found Guddiusm's Magic Scroll Emporium.
    34 | D        | Found Tip Zeth's Distillery.
    34 | D        | Found Geuwk's Food Shoppe.
    34 | D        | Found Wiaphefau's Gadget Shoppe.
    35 | D        | Found Paiwn's Jewellery Shoppe.
    35 | D        | Found Esigh's Antique Armour Emporium.
    36 | D        | Found Ballai's Antique Weapon Shoppe.
    36 | D        | Found Nije's Book Emporium.
    45 | D        | Noticed a neqoxec
    45 | D        | Noticed a neqoxec
    45 | D        | Noticed a neqoxec
    45 | D        | Noticed a neqoxec
    52 | D        | Gained mutation: You are dopey. (Int -2) [a neqoxec]
    60 | D        | Killed a neqoxec
    60 | D        | Reached skill level 10 in Fighting
    60 | D        | Reached skill level 10 in Armour
    68 | D        | Gained mutation: You are somewhat resistant to further
                  | mutation. [a neqoxec]
    73 | D        | Killed a neqoxec
    73 | D        | Reached skill level 10 in Shields
    73 | D        | Reached XP level 7. HP: 40/73 MP: 6/6
    78 | D        | Killed a neqoxec
    81 | D        | Gained mutation: Your magical capacity is low. (-10% MP) [a
                  | neqoxec]
    83 | D        | Killed a neqoxec
    83 | D        | Reached skill level 1 in Dodging
   467 | D        | Found a glowing golden altar of the Shining One.
   467 | D        | Found an ornate altar of the Wu Jian Council.
   468 | D        | Found a shimmering altar of Xom.
   468 | D        | Found a sacrificial altar of Ru.
   469 | D        | Found a basalt altar of Yredelemnul.
   469 | D        | Found a deep blue altar of Sif Muna.
   470 | D        | Found a stormy altar of Qazlal.
   470 | D        | Found a viscous altar of Jiyva.
   473 | D        | Found a glowing silver altar of Zin.
   473 | D        | Found a bloodstained altar of Trog.
   473 | D        | Found an ancient bone altar of Kikubaaqudgha.
   474 | D        | Found a hide-covered altar of Uskayaw.
   474 | D        | Found a corrupted altar of Lugonu.
   474 | D        | Found a shadowy altar of Dithmenos.
   475 | D        | Found a radiant altar of Vehumet.
   475 | D        | Found a burning altar of Makhleb.
   475 | D        | Found a white marble altar of Elyvilon.
   476 | D        | Found a sparkling altar of Nemelex Xobeh.
   476 | D        | Found a blossoming altar of Fedhas.
   478 | D        | Found an iron altar of Okawaru.
   478 | D        | Found an opulent altar of Gozag.
   478 | D        | Found a hazy altar of Hepliaklqana.
   478 | D        | Found a snail-covered altar of Cheibriados.
   478 | D        | Noticed a hornet
   478 | D        | Noticed a polar bear
   478 | D        | Noticed a polar bear
   479 | D        | Found a roughly hewn altar of Beogh.
   479 | D        | Noticed a yaktaur
   479 | D        | Noticed a polar bear
   488 | D        | Upgraded the game from 0.23-a0-189-gc87c613 to
                  | 0.23-a0-208-gb6b040f
   490 | D        | Killed a polar bear
   490 | D        | Reached XP level 8. HP: 82/82 MP: 6/6
   492 | D        | Killed a polar bear
   492 | D        | Reached skill level 10 in Axes
   496 | D        | Killed a hornet
   500 | D        | Killed a polar bear
   504 | D        | Killed a yaktaur
   552 | D        | Became a worshipper of Trog the Wrathful
   620 | D        | Noticed a kraken
   953 | D        | Reached XP level 9. HP: 81/91 MP: 7/7
   974 | D        | Reached * piety under Trog
  1544 | D        | Mangled by a kraken

Vault maps used:
D:        the_violet_keep_of_menkaure

Skill      XL: |  1  2  3  4  5  6  7  8 |
---------------+-------------------------+-----
Fighting       | 6 7 9 10 11 12 | 12.6
Axes           | 4 5 6 7 9 11 | 11.6
Armour         | 6 7 9 10 11 12 | 12.6
Shields        | 6 7 9 10 11 12 | 12.5
Dodging        | 1 3 |  3.8

Action                   |  1- 3 |  4- 6 |  7- 9 || total
-------------------------+-------+-------+-------++-------
Melee: War axe           |     6 |    43 |    78 ||   127
       Headbutt          |       |     5 |    22 ||    27
  Use: Potion            |     1 |     2 |     2 ||     5
       Scroll            |       |       |     4 ||     4
  Eat: Ration            |       |       |     1 ||     1
       Chunk             |       |       |     1 ||     1
Armor: Scale mail        |     2 |    12 |    27 ||    41
Dodge: Dodged            |     1 |     4 |    20 ||    25
Block: Shield            |     5 |    21 |    53 ||    79

Table legend:
 A = Non-vault XP
 B = Vault XP
 C = Vault XP percentage of total XP
 D = Non-vault monster count
 E = Vault monster count
 F = Vault count percentage of total count
                 A         B        C        D         E       F
            +---------+---------+-------+---------+---------+-------
      Total |       0 |    3070 | 100.0 |       0 |      20 | 100.0
            +---------+---------+-------+---------+---------+-------
          D |       0 |    3070 | 100.0 |       0 |      20 | 100.0
            +---------+---------+-------+---------+---------+-------
